 Dungeon Crawl Stone Soup version 0.28.0-49-g6dfe1f597d (webtiles) character file.

Game seed: 6955020962700875799

58 Zeld the Chiller (level 4, -3/35 HPs)
             Began as a Ghoul Ice Elementalist on May 17, 2022.
             Killed from afar by Natasha (9 damage)
             ... with a magic dart
             ... on level 2 of the Dungeon.
             The game lasted 00:01:26 (1599 turns).

Zeld the Chiller (Ghoul Ice Elementalist)           Turns: 1599, Time: 00:01:27

Health: -3/35      AC:  3    Str: 11    XL:     4   Next: 2%
Magic:  6/6        EV: 12    Int: 12    God:
Gold:   59         SH:  0    Dex:  9    Spells: 0/7 levels left

rFire   . . .      SeeInvis .   (no weapon)
rCold   + . .      Faith    .   (no shield)
rNeg    + + +      Spirit   .   a - +0 robe
rPois   ∞          Reflect  .   (no helmet)
rElec   .          Harm     .   (no cloak)
rCorr   .          Rampage  .   d - +0 pair of gloves
Will    .....                   (no boots)
Stlth   ++........              (no amulet)
HPRegen 0.00/turn               (no ring)
MPRegen 0.10/turn               (no ring)

@: inhibited regen
A: claws 1, cold resistance 1, negative energy resistance 3, inhibited
regeneration, torment resistance 2
a: no special abilities


You were on level 2 of the Dungeon.
You visited 1 branch of the dungeon, and saw 2 of its levels.

You collected 59 gold pieces.

Inventory:

Armour
 a - a +0 robe (worn)
 d - a +0 pair of gloves (worn)
Scrolls
 b - a scroll of identify {unknown}
 c - a scroll of vulnerability {unknown}
 e - a scroll of fog {unknown}
 g - a scroll of fear {unknown}
 h - a scroll of teleportation {unknown}
Potions
 f - a potion of resistance {unknown}


   Skills:
 * Level 1.5 Fighting
 + Level 2.0 Dodging
 + Level 2.6 Stealth
 * Level 2.2 Spellcasting
 * Level 5.0 Ice Magic


You couldn't memorise any spells.
You knew the following spells:

 Your Spells              Type           Power      Damage    Failure   Level
a - Freeze                Ice            52%        1d7       3%          1
b - Frozen Ramparts       Ice            26%        1d4       11%         3
c - Ozocubu's Armour      Ice            13%        N/A       11%         3

Your spell library contained the following spells:

 Spells                   Type           Power      Damage    Failure   Level
 Hailstorm                Conj/Ice       7%         3d4       67%         4


Dungeon Overview and Level Annotations

Branches:
Dungeon (2/15)

Altars:

Shops:
D:2 !

Annotations:
D:2 1 runed translucent door, Crazy Yiuf, Natasha


Innate Abilities, Weirdness & Mutations

You thrive by killing the living.
You are immune to poison.
You have sharp fingernails.
Your flesh is cold resistant. (rC+)
You are immune to negative energy. (rN+++)
You do not regenerate when monsters are visible.
You are immune to unholy pain and torment.


Message History

You now have 59 gold pieces (gained 9).
You open the door.
There is an open door here.
Found a mace.
Found a runed translucent door.
This spell is quite dangerous to cast!
Memorise Ozocubu's Armour, consuming 3 spell levels and leaving 0?
You start memorising the spell.
You continue memorising. x3
You finish memorising.
Spell assigned to 'c'.
Found a hand axe.
Found a stone staircase leading down.
h - a scroll labelled REID HUSEU You open the door.
There is an open door here.
Found a stone staircase leading down.
There is a stone staircase leading up here.
Natasha, Servant of Life and Death comes into view.
She is carrying a wand of flame (24).
Natasha is nearby!
Natasha is nearby!
Natasha hisses angrily.
Natasha drinks a potion.
Natasha flickers and vanishes!
Deactivating autopickup; reactivate with Ctrl-A.
No target in view!
No target in view!
A magic dart appears from out of thin air!
The magic dart hits you.
You enter the shallow water.
Moving in this stuff is going to be slow.
You hear a zap.
A puff of flame appears from out of thin air!
The puff of flame hits you!
You hear a zap.
A puff of flame appears from out of thin air!
The puff of flame hits you.
You hear a zap.
A puff of flame appears from out of thin air!
The puff of flame hits you!
* * * LOW HITPOINT WARNING * * *
A magic dart appears from out of thin air!
The magic dart hits you!
You die...

##### ....# ###.######
.........##########
.................>#
....####.#........####### ....#
#.#.##.######≈≈≈≈##
....####.#.#..<.###≈≈≈≈≈≈###.#
....#....#.#....@..≈≈........#
..###.####.#......≈≈.........#
..###.####.#.....§....≈≈.....#
..+..............§..≈≈..≈....#
..###.####........§≈....≈....##
..# #.#######....{...⌠≈≈......#
..# #.......#.......≈≈⌠.......#
..# #.......#......≈....≈≈....#
..# #.......#......≈..≈≈..≈...#


There were no monsters in sight!

Vanquished Creatures
  Natasha (D:2)
  An adder (D:2)
  3 endoplasms
  A giant cockroach (D:2)
  2 goblins (D:1)
  A hobgoblin (D:2)
  3 kobolds
  2 quokkas (D:1)
  3 ball pythons
  A bat (D:1)
  3 frilled lizards (D:1)
  4 rats
25 creatures vanquished.

Notes
Turn   | Place    | Note
-------+----------+-------------------------------------------
     0 | D:1      | Zeld the Ghoul Ice Elementalist began the quest for the
                  | Orb.
     0 | D:1      | Reached XP level 1. HP: 14/14 MP: 2/2
   292 | D:1      | Reached XP level 2. HP: 22/22 MP: 0/3
   879 | D:2      | Found Rolyuppus's Distillery.
   906 | D:2      | Reached skill level 1 in Fighting
  1000 | D:2      | Reached XP level 3. HP: 23/28 MP: 0/5
  1004 | D:2      | Learned a level 3 spell: Frozen Ramparts
  1225 | D:2      | Noticed Natasha
  1233 | D:2      | Killed Natasha
  1374 | D:2      | Reached XP level 4. HP: 35/35 MP: 4/6
  1379 | D:2      | Reached skill level 5 in Ice Magic
  1436 | D:2      | Found a runed translucent door.
  1441 | D:2      | Learned a level 3 spell: Ozocubu's Armour
  1441 | D:2      | Noticed Crazy Yiuf
  1592 | D:2      | Noticed Natasha
  1599 | D:2      | Killed from afar by Natasha

Illustrated notes

Levels and vault maps discovered:
D:1:      mrwooster_arrival_statue_2, layout_loops_ring
D:2:      cheibrodos_helix_gallery, layout_basic, serial_shops, shop,
          nicolae_underground_beach, uniq_crazy_yiuf_cottage, uniq_natasha

Skill      XL: |  1  2  3  4 |
---------------+-------------+-----
Spellcasting   | 2 |  2.2
Fighting       | 1 |  1.5
Dodging        | 2 |  2.0
Ice Magic      | 5 |  5.0
Stealth        | |  2.6

Action                   |  1- 3 |  4- 6 || total
-------------------------+-------+-------++-------
Melee: Unarmed           |    27 |     3 ||    30
 Cast: Freeze            |    34 |     1 ||    35
Armor: Robe              |    11 |       ||    11
Dodge: Dodged            |    28 |     1 ||    29
